Workbook

Sheet Journal
A1: JOURNAL COMPTABLE — MODÈLE VIERGE AUTOMATISÉ
A2: Saisie des écritures + contrôles automatiques (équilibre par pièce, totaux, synthèse).
A3: Contrôles rapides
A4: Total Débit | B4: =SUM(F6:F1005) | C4: Total Crédit | D4: =SUM(G6:G1005) | E4: Solde (Débit - Crédit) | F4: =B4-D4 | G4: État | H4: =IF(ABS(F4)<0.0001,"OK (journal équilibré)","À vérifier")
A5: Saisie des écritures (une ligne = une écriture)
A6: Date | B6: N° pièce | C6: Journal | D6: Compte | E6: Libellé | F6: Débit | G6: Crédit | H6: Référence | I6: Observation | J6: Écart pièce | K6: Statut | L6: Mois
J7: =IF($B7="","",SUMIFS($F$7:$F$1005,$B$7:$B$1005,$B7)-SUMIFS($G$7:$G$1005,$B$7:$B$1005,$B7)) | K7: =IF($B7="","",IF(ABS($J7)<0.0001,"OK","À vérifier")) | L7: =IF($A7="","",TEXT($A7,"yyyy-mm"))
J8: =IF($B8="","",SUMIFS($F$7:$F$1005,$B$7:$B$1005,$B8)-SUMIFS($G$7:$G$1005,$B$7:$B$1005,$B8)) | K8: =IF($B8="","",IF(ABS($J8)<0.0001,"OK","À vérifier")) | L8: =IF($A8="","",TEXT($A8,"yyyy-mm"))
J9: =IF($B9="","",SUMIFS($F$7:$F$1005,$B$7:$B$1005,$B9)-SUMIFS($G$7:$G$1005,$B$7:$B$1005,$B9)) | K9: =IF($B9="","",IF(ABS($J9)<0.0001,"OK","À vérifier")) | L9: =IF($A9="","",TEXT($A9,"yyyy-mm"))
J10: =IF($B10="","",SUMIFS($F$7:$F$1005,$B$7:$B$1005,$B10)-SUMIFS($G$7:$G$1005,$B$7:$B$1005,$B10)) | K10: =IF($B10="","",IF(ABS($J10)<0.0001,"OK","À vérifier")) | L10: =IF($A10="","",TEXT($A10,"yyyy-mm"))
J11: =IF($B11="","",SUMIFS($F$7:$F$1005,$B$7:$B$1005,$B11)-SUMIFS($G$7:$G$1005,$B$7:$B$1005,$B11)) | K11: =IF($B11="","",IF(ABS($J11)<0.0001,"OK","À vérifier")) | L11: =IF($A11="","",TEXT($A11,"yyyy-mm"))
J12: =IF($B12="","",SUMIFS($F$7:$F$1005,$B$7:$B$1005,$B12)-SUMIFS($G$7:$G$1005,$B$7:$B$1005,$B12)) | K12: =IF($B12="","",IF(ABS($J12)<0.0001,"OK","À vérifier")) | L12: =IF($A12="","",TEXT($A12,"yyyy-mm"))
J13: =IF($B13="","",SUMIFS($F$7:$F$1005,$B$7:$B$1005,$B13)-SUMIFS($G$7:$G$1005,$B$7:$B$1005,$B13)) | K13: =IF($B13="","",IF(ABS($J13)<0.0001,"OK","À vérifier")) | L13: =IF($A13="","",TEXT($A13,"yyyy-mm"))
J14: =IF($B14="","",SUMIFS($F$7:$F$1005,$B$7:$B$1005,$B14)-SUMIFS($G$7:$G$1005,$B$7:$B$1005,$B14)) | K14: =IF($B14="","",IF(ABS($J14)<0.0001,"OK","À vérifier")) | L14: =IF($A14="","",TEXT($A14,"yyyy-mm"))
J15: =IF($B15="","",SUMIFS($F$7:$F$1005,$B$7:$B$1005,$B15)-SUMIFS($G$7:$G$1005,$B$7:$B$1005,$B15)) | K15: =IF($B15="","",IF(ABS($J15)<0.0001,"OK","À vérifier")) | L15: =IF($A15="","",TEXT($A15,"yyyy-mm"))
J16: =IF($B16="","",SUMIFS($F$7:$F$1005,$B$7:$B$1005,$B16)-SUMIFS($G$7:$G$1005,$B$7:$B$1005,$B16)) | K16: =IF($B16="","",IF(ABS($J16)<0.0001,"OK","À vérifier")) | L16: =IF($A16="","",TEXT($A16,"yyyy-mm"))
J17: =IF($B17="","",SUMIFS($F$7:$F$1005,$B$7:$B$1005,$B17)-SUMIFS($G$7:$G$1005,$B$7:$B$1005,$B17)) | K17: =IF($B17="","",IF(ABS($J17)<0.0001,"OK","À vérifier")) | L17: =IF($A17="","",TEXT($A17,"yyyy-mm"))
J18: =IF($B18="","",SUMIFS($F$7:$F$1005,$B$7:$B$1005,$B18)-SUMIFS($G$7:$G$1005,$B$7:$B$1005,$B18)) | K18: =IF($B18="","",IF(ABS($J18)<0.0001,"OK","À vérifier")) | L18: =IF($A18="","",TEXT($A18,"yyyy-mm"))
... J1005: =IF($B1005="","",SUMIFS($F$7:$F$1005,$B$7:$B$1005,$B1005)-SUMIFS($G$7:$G$1005,$B$7:$B$1005,$B1005)) | K1005: =IF($B1005="","",IF(ABS($J1005)<0.0001,"OK","À vérifier")) | L1005: =IF($A1005="","",TEXT($A1005,"yyyy-mm"))

Sheet Synthèse
A1: SYNTHÈSE — Totaux et ventilation
A2: Les chiffres se mettent à jour automatiquement à partir de la feuille Journal.
A4: Indicateurs | D4: Ventilation par mois
A5: Total Débit | B5: =SUM(Journal!F7:F1005) | D5: Mois (yyyy-mm) | E5: Débit | F5: Crédit | G5: Solde
A6: Total Crédit | B6: =SUM(Journal!G7:G1005) | D6: 2026-01 | E6: =SUMIFS(Journal!$F$7:$F$1005,Journal!$L$7:$L$1005,$D6) | F6: =SUMIFS(Journal!$G$7:$G$1005,Journal!$L$7:$L$1005,$D6) | G6: =E6-F6
A7: Solde (Débit - Crédit) | B7: =B5-B6 | D7: 2026-02 | E7: =SUMIFS(Journal!$F$7:$F$1005,Journal!$L$7:$L$1005,$D7) | F7: =SUMIFS(Journal!$G$7:$G$1005,Journal!$L$7:$L$1005,$D7) | G7: =E7-F7
A8: État | B8: =IF(ABS(B7)<0.0001,"OK (journal équilibré)","À vérifier") | D8: 2026-03 | E8: =SUMIFS(Journal!$F$7:$F$1005,Journal!$L$7:$L$1005,$D8) | F8: =SUMIFS(Journal!$G$7:$G$1005,Journal!$L$7:$L$1005,$D8) | G8: =E8-F8
D9: 2026-04 | E9: =SUMIFS(Journal!$F$7:$F$1005,Journal!$L$7:$L$1005,$D9) | F9: =SUMIFS(Journal!$G$7:$G$1005,Journal!$L$7:$L$1005,$D9) | G9: =E9-F9
D10: 2026-05 | E10: =SUMIFS(Journal!$F$7:$F$1005,Journal!$L$7:$L$1005,$D10) | F10: =SUMIFS(Journal!$G$7:$G$1005,Journal!$L$7:$L$1005,$D10) | G10: =E10-F10
D11: 2026-06 | E11: =SUMIFS(Journal!$F$7:$F$1005,Journal!$L$7:$L$1005,$D11) | F11: =SUMIFS(Journal!$G$7:$G$1005,Journal!$L$7:$L$1005,$D11) | G11: =E11-F11
D12: 2026-07 | E12: =SUMIFS(Journal!$F$7:$F$1005,Journal!$L$7:$L$1005,$D12) | F12: =SUMIFS(Journal!$G$7:$G$1005,Journal!$L$7:$L$1005,$D12) | G12: =E12-F12
D13: 2026-08 | E13: =SUMIFS(Journal!$F$7:$F$1005,Journal!$L$7:$L$1005,$D13) | F13: =SUMIFS(Journal!$G$7:$G$1005,Journal!$L$7:$L$1005,$D13) | G13: =E13-F13
D14: 2026-09 | E14: =SUMIFS(Journal!$F$7:$F$1005,Journal!$L$7:$L$1005,$D14) | F14: =SUMIFS(Journal!$G$7:$G$1005,Journal!$L$7:$L$1005,$D14) | G14: =E14-F14
D15: 2026-10 | E15: =SUMIFS(Journal!$F$7:$F$1005,Journal!$L$7:$L$1005,$D15) | F15: =SUMIFS(Journal!$G$7:$G$1005,Journal!$L$7:$L$1005,$D15) | G15: =E15-F15
D16: 2026-11 | E16: =SUMIFS(Journal!$F$7:$F$1005,Journal!$L$7:$L$1005,$D16) | F16: =SUMIFS(Journal!$G$7:$G$1005,Journal!$L$7:$L$1005,$D16) | G16: =E16-F16
D17: 2026-12 | E17: =SUMIFS(Journal!$F$7:$F$1005,Journal!$L$7:$L$1005,$D17) | F17: =SUMIFS(Journal!$G$7:$G$1005,Journal!$L$7:$L$1005,$D17) | G17: =E17-F17
D20: Ventilation par journal
D21: Journal | E21: Débit | F21: Crédit | G21: Solde
D22: Achat | E22: =SUMIFS(Journal!$F$7:$F$1005,Journal!$C$7:$C$1005,$D22) | F22: =SUMIFS(Journal!$G$7:$G$1005,Journal!$C$7:$C$1005,$D22) | G22: =E22-F22
D23: Vente | E23: =SUMIFS(Journal!$F$7:$F$1005,Journal!$C$7:$C$1005,$D23) | F23: =SUMIFS(Journal!$G$7:$G$1005,Journal!$C$7:$C$1005,$D23) | G23: =E23-F23
D24: Banque | E24: =SUMIFS(Journal!$F$7:$F$1005,Journal!$C$7:$C$1005,$D24) | F24: =SUMIFS(Journal!$G$7:$G$1005,Journal!$C$7:$C$1005,$D24) | G24: =E24-F24
D25: Caisse | E25: =SUMIFS(Journal!$F$7:$F$1005,Journal!$C$7:$C$1005,$D25) | F25: =SUMIFS(Journal!$G$7:$G$1005,Journal!$C$7:$C$1005,$D25) | G25: =E25-F25
D26: OD | E26: =SUMIFS(Journal!$F$7:$F$1005,Journal!$C$7:$C$1005,$D26) | F26: =SUMIFS(Journal!$G$7:$G$1005,Journal!$C$7:$C$1005,$D26) | G26: =E26-F26

Sheet Plan_de_comptes
A1: PLAN DE COMPTES — Liste simple (à adapter)
A3: Compte | B3: Intitulé | C3: Classe | D3: Actif/Passif/Charge/Produit
